 Dungeon Crawl Stone Soup version 0.22-a0-422-g9628fc8 (webtiles) character file.

0 Amnesiac the Ducker (level 1, 0/9 HPs)
             Began as a Spriggan Transmuter on May 17, 2018.
             Slain by a kobold
             ... wielding a +0 short sword
              (7 damage)
             ... on level 1 of the Dungeon.
             The game lasted 00:00:23 (70 turns).

Amnesiac the Ducker (Spriggan Transmuter)             Turns: 70, Time: 00:00:24

Health: 0/9        AC:  2    Str:  6    XL:     1   Next: 8%
Magic:  4/5        EV: 18    Int: 14    God:
Gold:   16         SH:  0    Dex: 16    Spells: 4/5 levels left

rFire    . . .     SeeInvis +     - Unarmed
rCold    . . .     Gourm    .   (shield restricted)
rNeg     + . .     Faith    .   b - +0 robe
rPois    .         Spirit   .   (helmet restricted)
rElec    .         Reflect  .   (no cloak)
rCorr    .         Harm     .   (gloves unavailable)
MR       .....                  (boots unavailable)
Stlth    +.........             (no amulet)
HPRegen  0.03/turn              c - ring of positive energy
MPRegen  0.09/turn              (no ring)

@: appendage (expiring), very quick
A: very small, unfitting armour, horns 2, see invisible, herbivore, speed 3,
slow metabolism 2
a: End Transformation


You were on level 1 of the Dungeon.
You were not hungry.
You had grown temporary horns.
You visited 1 branch of the dungeon, and saw 1 of its levels.

You collected 16 gold pieces.

Inventory:

Hand Weapons
 f - a +1 dagger of venom
Missiles
 a - 44 arrows
Armour
 b - a +0 robe (worn)
Jewellery
 c - a ring of positive energy (left hand)
Scrolls
 e - a scroll of magic mapping {!r, unknown}
Comestibles
 d - 2 rations


   Skills:
 + Level 0.8 Fighting
 - Level 3.0 Dodging
 - Level 2.4 Unarmed Combat
 - Level 2.6 Spellcasting
 - Level 2.6 Transmutations


You had 4 spell levels left.
You knew the following spells:

 Your Spells              Type           Power        Failure   Level  Hunger
a - Beastly Appendage     Tmut           #.....       8%          1    #......

Your spell library contained the following spells:

 Spells                   Type           Power        Failure   Level  Hunger
 Spider Form              Tmut/Pois      #.........   36%         3    ###....
 Blade Hands              Tmut           #.........   90%         5    ######.
 Ice Form                 Ice/Tmut       #.......     77%         4    #####..
 Sticks to Snakes         Tmut           #.......     11%         2    ###....


Dungeon Overview and Level Annotations

Branches:
Dungeon (1/15)

Altars:


Innate Abilities, Weirdness & Mutations

You are very small and have problems with some larger weapons.
You are too small for most types of armour.
You have supernaturally acute eyesight. (SInv)
You are a herbivore.
You cover ground extremely quickly.
You need to consume almost no food.
You have a pair of horns on your head.


Message History

Welcome, Amnesiac the Spriggan Transmuter.
The bosom of this dungeon contains the fabled artefact, the Orb of Zot.
Press ? for a list of commands and other information.
Found a ration.
Found a staircase leading out of the dungeon.
Found a scale mail.
d - 2 rations (gained 1)
You open the door.
There is an open door here.
You enter a teleport trap!
The teleport trap disappears.
Your surroundings suddenly seem different.
Found an onyx ring.
c - an onyx ring A kobold comes into view.
The kobold shouts!
Put on which piece of jewellery? (? for menu, Esc to quit)
c - a ring of positive energy (left hand)
Found a dagger and a scroll labeled NEARAINORGH.
There are no items here.
Found 16 gold pieces.
You see here 32 arrows.
Casting: Beastly Appendage (safe; 8% risk of failure)
Confirm with . or Enter, or press ? or * to list all spells.
You grow a pair of large bovine horns.
You hit the kobold but do no damage. The kobold completely misses you.
You completely miss the kobold. The kobold hits you.
You hit the kobold.
You kill the kobold!
a - 44 arrows (gained 32)
You start resting.
Magic restored.
You start resting.
Your transformation is almost over.
You start resting.
HP restored.
You start resting.
Your horns disappear.
Found a hand axe and a glowing dagger.
Found a leather armour.
e - a scroll labeled NEARAINORGH {!r} You now have 16 gold pieces.
A kobold comes into view. It is wielding a short sword.
The kobold shouts!
The kobold throws a stone.
The stone misses you.
A kobold is nearby!
The kobold throws a stone.
The stone hits you but does no damage.
You see here a stone.
Casting: Beastly Appendage (safe; 8% risk of failure)
Confirm with . or Enter, or press ? or * to list all spells.
You grow a pair of large bovine horns.
The kobold throws a stone.
The stone hits you but does no damage.
Your transformation is almost over.
The kobold throws a stone.
The stone hits you but does no damage.
You see here a stone.
The kobold closely misses you.
You see here a glowing dagger.
f - a glowing dagger The kobold hits you with a short sword!
Ouch! That really hurt!
You die...

## ###.######
.........# .......[.#
######
.........######.....
.........##.......#
.........##.......#
.........#...K....##.#
.........#....@......#
#).......#.).($.......
#........#.(......####
.#####.##.##.##.##.##
.....................
...........(...........
..........##.......#.#.
..........##.##....#.#
......#.#.##.##...##


You could see a kobold.

Vanquished Creatures
  A kobold (D:1)
1 creature vanquished.

Notes
Turn   | Place    | Note
-------+----------+-------------------------------------------
     0 | D:1      | Amnesiac the Spriggan Transmuter began the quest for the Orb.
     0 | D:1      | Reached XP level 1. HP: 9/9 MP: 5/5
    70 | D:1      | Slain by a kobold

Vault maps used:
D:1:      elethiomel_arrival_quiet

Action                   || total
-------------------------++-------
Melee: Unarmed           ||     3
       Headbutt          ||     1
 Cast: Beastly Appendage ||     2
Armor: Robe              ||     1
Dodge: Dodged            ||     3

Table legend:
 A = Spawn XP
 B = Non-spawn XP
 C = Spawn XP percentage of total XP
 D = Spawn monster count
 E = Non-spawn monster count
 F = Spawn count percentage of total count
 G = Total turns spent on level
                    A         B        C        D         E        F      G
               +---------+---------+-------+---------+---------+-------+---------
         Total |       0 |       1 |   0.0 |       0 |       1 |   0.0 |    70
               +---------+---------+-------+---------+---------+-------+---------
           D:1 |       0 |       1 |   0.0 |       0 |       1 |   0.0 |    70
               +---------+---------+-------+---------+---------+-------+---------
